ESL (28 & UNDER)
INTERCOURSE AMISH @ NEWARK BULLDOGS
08/03/2030
 
TOP OF THE 1ST
Intercourse Amish batting - Pitching for Newark Bulldogs : LHP Kent Smith
Pitching: LHP Kent Smith
Batting: LHB Jesús Raugel 0-0: Ball
1-0: Foul Ball, location: 2F
1-1: Foul Ball, location: 2F
1-2: Strikes out swinging
Batting: RHB Brian Stewart 0-0: Called Strike
0-1: Swinging Strike
0-2: Ball
1-2: Foul Ball, location: 2F
1-2: Ball
2-2: Foul Ball, location: 2F
2-2: Strikes out looking
Batting: RHB Gustavo Rodríguez 0-0: Ball
1-0: Ball
2-0: Fly out, F8 (Flyball, 8LS)
Top of the 1st over - 0 runs, 0 hits, 0 errors, 0 left on base; Intercourse 0 - Newark 0
BOTTOM OF THE 1ST
Newark Bulldogs batting - Pitching for Intercourse Amish : RHP Danny Clayton
Pitching: RHP Danny Clayton
Batting: SHB Juan Rodríguez 0-0: Called Strike
0-1: Foul Ball, location: 2F
0-2: Ball
1-2: Strikes out looking
Batting: LHB Will O'Dell 0-0: Ball
1-0: Ball
2-0: Ball
3-0: Swinging Strike
3-1: Foul Ball, location: 2F
3-2: Strikes out looking
Batting: LHB Terry Barton 0-0: Ball
1-0: Ball
2-0: Ball
3-0: Base on Balls
Batting: RHB Denver Baker 0-0: Fly out, F8 (Flyball, 78S)
Bottom of the 1st over - 0 runs, 0 hits, 0 errors, 1 left on base; Intercourse 0 - Newark 0
TOP OF THE 2ND
Intercourse Amish batting - Pitching for Newark Bulldogs : LHP Kent Smith
Batting: RHB Frank Maxwell 0-0: Ball
1-0: Foul Ball, location: 2F
1-1: DOUBLE (Line Drive, 7LM)
Batting: RHB Holden Davis 0-0: Ball
1-0: Ball
2-0: Foul Ball, location: 2F
2-1: Fly out, F8 (Flyball, 8RM)
Batting: RHB Jeremiah Ward 0-0: Ball
1-0: Called Strike
1-1: Foul Ball, location: 2F
1-2: SINGLE (Popup, 4MD)
Frank Maxwell to third
Runner from 3rd tries for Home, SAFE, no throw
Batting: SHB Conan Hanson 0-0: Ball
1-0: Called Strike
1-1: Ball
2-1: Foul Ball, location: 2F
2-2: Grounds into double play, 6-4-3 (Groundball, 56)
Top of the 2nd over - 1 run, 2 hits, 0 errors, 0 left on base; Intercourse 1 - Newark 0
BOTTOM OF THE 2ND
Newark Bulldogs batting - Pitching for Intercourse Amish : RHP Danny Clayton
Batting: RHB Ben Kearley 0-0: Swinging Strike
0-1: Ball
1-1: Ball
2-1: Ball
3-1: Called Strike
3-2: Ground out 5-3 (Groundball, 5)
Batting: LHB Ángel Tuzzi 0-0: Ball
1-0: Ground out U3 (Groundball, 3)
Batting: RHB Francisco Domínguez 0-0: Ball
1-0: Fly out, F9 (Line Drive, 9S)
Bottom of the 2nd over - 0 runs, 0 hits, 0 errors, 0 left on base; Intercourse 1 - Newark 0
TOP OF THE 3RD
Intercourse Amish batting - Pitching for Newark Bulldogs : LHP Kent Smith
Batting: RHB Esteban Ayala 0-0: Swinging Strike
0-1: Ball
1-1: Foul Ball, location: 2F
1-2: Strikes out looking
Batting: LHB Tony O'Bryan 0-0: Ball
1-0: Ball
2-0: Swinging Strike
2-1: Foul Ball, location: 2F
2-2: Strikes out swinging
Batting: LHB Jesús Raugel 0-0: Called Strike
0-1: Ball
1-1: Swinging Strike
1-2: Strikes out swinging
Top of the 3rd over - 0 runs, 0 hits, 0 errors, 0 left on base; Intercourse 1 - Newark 0
BOTTOM OF THE 3RD
Newark Bulldogs batting - Pitching for Intercourse Amish : RHP Danny Clayton
Batting: SHB Pete Jones 0-0: Ball
1-0: Ball
2-0: Swinging Strike
2-1: Swinging Strike
2-2: Ground out 5-3 (Groundball, 5)
Batting: RHB José Casillán 0-0: Ball
1-0: Ball
2-0: Called Strike
2-1: Ball
3-1: Foul Ball, location: 2F
3-2: Foul Ball, location: 2F
3-2: Ground out 6-3 (Groundball, 56)
Batting: SHB Juan Rodríguez 0-0: Called Strike
0-1: Foul Ball, location: 2F
0-2: SINGLE (Line Drive, 34)
Batting: LHB Will O'Dell 0-0: Ball
Juan Rodríguez steals 2nd base
1-0: Ball
2-0: Ball
3-0: Called Strike
3-1: Called Strike
3-2: Ground out U3 (Groundball, 3)
Bottom of the 3rd over - 0 runs, 1 hit, 0 errors, 1 left on base; Intercourse 1 - Newark 0
TOP OF THE 4TH
Intercourse Amish batting - Pitching for Newark Bulldogs : LHP Kent Smith
Batting: RHB Brian Stewart 0-0: Foul Ball, location: 2F
0-1: Swinging Strike
0-2: Fly out, F8 (Flyball, 8RXD)
Batting: RHB Gustavo Rodríguez 0-0: Ball
1-0: Fly out, F6 (Line Drive, 6MD)
Batting: RHB Frank Maxwell 0-0: Ball
1-0: Ball
2-0: Called Strike
2-1: Foul Ball, location: 2F
2-2: Ball
3-2: Strikes out swinging
Top of the 4th over - 0 runs, 0 hits, 0 errors, 0 left on base; Intercourse 1 - Newark 0
BOTTOM OF THE 4TH
Newark Bulldogs batting - Pitching for Intercourse Amish : RHP Danny Clayton
Batting: LHB Terry Barton 0-0: Ball
1-0: Called Strike
1-1: Foul Ball, location: 2F
1-2: Foul Ball, location: 2F
1-2: Foul Ball, location: 2F
1-2: Strikes out looking
Batting: RHB Denver Baker 0-0: Foul Ball, location: 2F
0-1: Ball
1-1: Ball
2-1: Foul Ball, location: 2F
2-2: Strikes out swinging
Batting: RHB Ben Kearley 0-0: Swinging Strike
0-1: Ball
1-1: Ball
2-1: Ball
3-1: Base on Balls
Batting: LHB Ángel Tuzzi 0-0: Ball
1-0: Called Strike
1-1: Called Strike
1-2: Strikes out swinging
Bottom of the 4th over - 0 runs, 0 hits, 0 errors, 1 left on base; Intercourse 1 - Newark 0
TOP OF THE 5TH
Intercourse Amish batting - Pitching for Newark Bulldogs : LHP Kent Smith
Batting: RHB Holden Davis 0-0: Ground out 6-3 (Groundball, 6)
Batting: RHB Jeremiah Ward 0-0: Swinging Strike
0-1: Ball
1-1: Swinging Strike
1-2: Ball
2-2: Ball
3-2: Fly out, F7 (Flyball, 7LM)
Batting: SHB Conan Hanson 0-0: Ground out 6-3 (Groundball, 4MS)
Top of the 5th over - 0 runs, 0 hits, 0 errors, 0 left on base; Intercourse 1 - Newark 0
BOTTOM OF THE 5TH
Newark Bulldogs batting - Pitching for Intercourse Amish : RHP Danny Clayton
Batting: RHB Francisco Domínguez 0-0: Ball
1-0: Ball
2-0: Ball
3-0: Base on Balls
Batting: SHB Pete Jones 0-0: Ball
1-0: SINGLE (Line Drive, 8RS)
Francisco Domínguez to second
Batting: RHB José Casillán 0-0: Ball
1-0: Foul Ball, location: 2F
1-1: Fly out, F9 (Flyball, 9)
Batting: SHB Juan Rodríguez 0-0: Ball
1-0: Fielders Choice at 2nd, 4-6 (Groundball, 4M)
Francisco Domínguez to third
Batting: LHB Will O'Dell 0-0: Called Strike
Juan Rodríguez is caught stealing 2nd base
Bottom of the 5th over - 0 runs, 1 hit, 0 errors, 1 left on base; Intercourse 1 - Newark 0
TOP OF THE 6TH
Intercourse Amish batting - Pitching for Newark Bulldogs : LHP Kent Smith
Batting: RHB Esteban Ayala 0-0: Ball
1-0: Ball
2-0: Called Strike
2-1: Ball
3-1: Foul Ball, location: 2F
3-2: SOLO HOME RUN (Flyball, 7LD), Distance : 317 ft
Batting: LHB Tony O'Bryan 0-0: Called Strike
0-1: Ball
1-1: Called Strike
1-2: Ball
2-2: Foul Ball, location: 2F
2-2: Ball
3-2: Base on Balls
Batting: LHB Jesús Raugel 0-0: Called Strike
0-1: Ball
1-1: Called Strike
1-2: Foul Ball, location: 2F
1-2: Strikes out swinging
Batting: RHB Brian Stewart 0-0: Ball
1-0: Foul Ball, location: 2F
1-1: Swinging Strike
1-2: Strikes out swinging
Batting: RHB Gustavo Rodríguez 0-0: Called Strike
0-1: Called Strike
0-2: Ball
1-2: Ball
2-2: SINGLE (Flyball, 8LS)
Tony O'Bryan to second
Runner from 2nd tries for 3rd, SAFE, no throw
Batting: RHB Frank Maxwell 0-0: Ball
1-0: Ball
2-0: Ground out U3 (Groundball, 34S)
Top of the 6th over - 1 run, 2 hits, 0 errors, 2 left on base; Intercourse 2 - Newark 0
BOTTOM OF THE 6TH
Newark Bulldogs batting - Pitching for Intercourse Amish : RHP Danny Clayton
Batting: LHB Will O'Dell 0-0: Ball
1-0: Swinging Strike
1-1: Ball
2-1: Foul Ball, location: 2F
2-2: Strikes out swinging, 2-3 out at first.
Batting: LHB Terry Barton 0-0: Ball
1-0: Ball
2-0: Foul Ball, location: 2F
2-1: Ball
3-1: Foul Ball, location: 2F
3-2: Base on Balls
Batting: RHB Denver Baker 0-0: Ball
Terry Barton steals 2nd base
1-0: SINGLE (Line Drive, 8LS)
Terry Barton to third
Runner from 3rd tries for Home, SAFE, throw made home
Denver Baker to second
Batting: RHB Ben Kearley 0-0: Foul Ball, location: 2F
0-1: Called Strike
0-2: Fly out, F6 (Flyball, 56D)
Batting: LHB Ángel Tuzzi 0-0: Ball
1-0: Called Strike
1-1: Ball
2-1: Called Strike
2-2: Strikes out looking
Bottom of the 6th over - 1 run, 1 hit, 0 errors, 1 left on base; Intercourse 2 - Newark 1
TOP OF THE 7TH
Intercourse Amish batting - Pitching for Newark Bulldogs : LHP Kent Smith
Pitching: LHP Armando Alvarado
Batting: RHB Holden Davis 0-0: Called Strike
0-1: Swinging Strike
0-2: Ball
1-2: Foul Ball, location: 2F
1-2: Ball
2-2: Strikes out swinging
Batting: RHB Jeremiah Ward 0-0: Swinging Strike
0-1: Ball
1-1: Ball
2-1: Called Strike
2-2: Fly out, F4 (Popup, 4S)
Batting: SHB Conan Hanson 0-0: Ball
1-0: Foul Ball, location: 2F
1-1: Called Strike
1-2: Strikes out swinging
Top of the 7th over - 0 runs, 0 hits, 0 errors, 0 left on base; Intercourse 2 - Newark 1
BOTTOM OF THE 7TH
Newark Bulldogs batting - Pitching for Intercourse Amish : RHP Danny Clayton
Pitching: RHP Colin Younger
Batting: RHB Francisco Domínguez 0-0: Foul Ball, location: 2F
0-1: Called Strike
0-2: Ball
1-2: Ball
2-2: Ball
3-2: Strikes out looking
Batting: SHB Pete Jones 0-0: Swinging Strike
0-1: Ball
1-1: Fly out, F7 (Flyball, 7LD)
Batting: RHB José Casillán 0-0: Swinging Strike
0-1: Called Strike
0-2: Hit by Pitch
Batting: SHB Juan Rodríguez 0-0: Called Strike
0-1: DOUBLE (Line Drive, 7LM)
José Casillán to third
Runner from 3rd tries for Home, SAFE, no throw
Batting: LHB Will O'Dell 0-0: Ball
1-0: Called Strike
1-1: DOUBLE (Line Drive, 89D)
Juan Rodríguez scores
Pitching: LHP Rodrigo Álvarez
Batting: LHB Terry Barton 0-0: Called Strike
0-1: Swinging Strike
0-2: Strikes out looking
Bottom of the 7th over - 2 runs, 2 hits, 0 errors, 1 left on base; Intercourse 2 - Newark 3
TOP OF THE 8TH
Intercourse Amish batting - Pitching for Newark Bulldogs : LHP Armando Alvarado
Batting: RHB Esteban Ayala 0-0: Ball
1-0: Foul Ball, location: 2F
1-1: Foul Ball, location: 2F
1-2: Ball
2-2: Strikes out swinging
Batting: LHB Tony O'Bryan 0-0: Foul Ball, location: 2F
0-1: Foul Ball, location: 2F
0-2: Ball
1-2: Ground out 4-3 (Groundball, 4)
Batting: LHB Jesús Raugel 0-0: Ball
1-0: Called Strike
1-1: Ball
2-1: Foul Ball, location: 2F
2-2: Ball
3-2: SINGLE (Flyball, 7S)
Pitching: RHP Bart Brown
Batting: RHB Brian Stewart 0-0: Ball
1-0: Ball
2-0: Called Strike
2-1: Ball
3-1: Foul Ball, location: 2F
3-2: SINGLE (Groundball, 34D)
Jesús Raugel to second
Jesús Raugel to third
Batting: RHB Gustavo Rodríguez 0-0: Ball
1-0: Foul Ball, location: 2F
1-1: Swinging Strike
1-2: Ball
2-2: Ball
3-2: SINGLE (Flyball, 9S)
Jesús Raugel scores
Brian Stewart to second
Brian Stewart to third
Batting: RHB Frank Maxwell 0-0: Called Strike
0-1: Swinging Strike
0-2: Ball
1-2: Strikes out swinging
Top of the 8th over - 1 run, 3 hits, 0 errors, 2 left on base; Intercourse 3 - Newark 3
BOTTOM OF THE 8TH
Newark Bulldogs batting - Pitching for Intercourse Amish : LHP Rodrigo Álvarez
Batting: RHB Denver Baker 0-0: Called Strike
0-1: Swinging Strike
0-2: Fly out, F7 (Flyball, 7LS)
Batting: RHB Ben Kearley 0-0: SINGLE (Groundball, 4MD)
Pinch Hitting: RHB Orlando González 0-0: Called Strike
0-1: Foul Ball, location: 2F
0-2: Strikes out looking
Batting: RHB Francisco Domínguez 0-0: Ball
1-0: Foul Ball, location: 2F
1-1: Ball
2-1: SINGLE (Groundball, 56D)
Ben Kearley to second
Batting: SHB Pete Jones 0-0: Foul Ball, location: 2F
0-1: Ball
1-1: Swinging Strike
1-2: Strikes out swinging
Bottom of the 8th over - 0 runs, 2 hits, 0 errors, 2 left on base; Intercourse 3 - Newark 3
TOP OF THE 9TH
Intercourse Amish batting - Pitching for Newark Bulldogs : RHP Bart Brown
Pitching: LHP Graham O'Day
Now in LF: Orlando González
Batting: RHB Holden Davis 0-0: Fly out, F7 (Flyball, 7S)
Pinch Hitting: RHB Júlio Serra 0-0: Swinging Strike
0-1: Ball
1-1: SINGLE (Line Drive, 8RS)
Pinch Hitting: RHB Joel Hebert 0-0: Ball
1-0: Ball
2-0: Fly out, F8 (Flyball, 8RS)
Batting: RHB Esteban Ayala 0-0: Called Strike
0-1: Foul Ball, location: 2F
0-2: Ball
1-2: Ball
2-2: Ball
3-2: Foul Ball, location: 2F
3-2: Base on Balls
Júlio Serra to second
Pinch Hitting: RHB Juan Ortega 0-0: Swinging Strike
0-1: Called Strike
0-2: Strikes out looking
Top of the 9th over - 0 runs, 1 hit, 0 errors, 2 left on base; Intercourse 3 - Newark 3
BOTTOM OF THE 9TH
Newark Bulldogs batting - Pitching for Intercourse Amish : LHP Rodrigo Álvarez
Now at SS: Juan Ortega
Now in LF: Joel Hebert
Now in RF: Júlio Serra
Batting: RHB José Casillán 0-0: Foul Ball, location: 2F
0-1: Ball
1-1: Ball
2-1: SINGLE (Line Drive, 6MD)
Batting: SHB Juan Rodríguez 0-0: Called Strike
0-1: Ball
1-1: Called Strike
1-2: Foul Ball, location: 2F
1-2: Ball
2-2: Strikes out swinging
Batting: LHB Will O'Dell 0-0: Ball
1-0: Foul Ball, location: 2F
1-1: Ball
2-1: Ball
3-1: Fly out, F7 (Flyball, 7D)
Batting: LHB Terry Barton 0-0: Swinging Strike
0-1: Ball
1-1: Swinging Strike
1-2: Ball
2-2: Strikes out swinging
Bottom of the 9th over - 0 runs, 1 hit, 0 errors, 1 left on base; Intercourse 3 - Newark 3
TOP OF THE 10TH
Intercourse Amish batting - Pitching for Newark Bulldogs : LHP Graham O'Day
Batting: LHB Jesús Raugel 0-0: Swinging Strike
0-1: Ball
1-1: Ball
2-1: Foul Ball, location: 2F
2-2: Ground out 4-3 (Groundball, 4M)
Batting: RHB Brian Stewart 0-0: Called Strike
0-1: Ball
1-1: Called Strike
1-2: Ball
2-2: Strikes out swinging
Batting: RHB Gustavo Rodríguez 0-0: Called Strike
0-1: Ball
1-1: Foul Ball, location: 2F
1-2: Ball
2-2: Foul Ball, location: 2F
2-2: Ball
3-2: Ground out 4-3 (Groundball, 4S)
Top of the 10th over - 0 runs, 0 hits, 0 errors, 0 left on base; Intercourse 3 - Newark 3
BOTTOM OF THE 10TH
Newark Bulldogs batting - Pitching for Intercourse Amish : LHP Rodrigo Álvarez
Pitching: RHP Will Brown
Batting: RHB Denver Baker 0-0: Ball
1-0: Ball
2-0: Ground out 6-3 (Groundball, 6M)
Batting: RHB Ben Kearley 0-0: Called Strike
0-1: Foul Ball, location: 2F
0-2: Ball
1-2: Strikes out swinging
Batting: RHB Orlando González 0-0: Called Strike
0-1: Fly out, F8 (Flyball, 89M)
Bottom of the 10th over - 0 runs, 0 hits, 0 errors, 0 left on base; Intercourse 3 - Newark 3
TOP OF THE 11TH
Intercourse Amish batting - Pitching for Newark Bulldogs : LHP Graham O'Day
Pitching: LHP Josh Wall
Batting: RHB Frank Maxwell 0-0: Ball
1-0: Foul Ball, location: 2F
1-1: Foul Ball, location: 2F
1-2: SOLO HOME RUN (Flyball, 9LD), Distance : 370 ft
Batting: RHB Holden Davis 0-0: Foul Ball, location: 2F
0-1: Ball
1-1: Swinging Strike
1-2: Fly out, F9 (Line Drive, 89M)
Batting: RHB Júlio Serra 0-0: SINGLE (Line Drive, 78S)
Batting: RHB Joel Hebert 0-0: Called Strike
0-1: Ball
1-1: Ball
2-1: Foul Ball, location: 2F
2-2: Strikes out looking
Batting: RHB Esteban Ayala 0-0: Ball
1-0: Ground out 4-3 (Groundball, 4S)
Top of the 11th over - 1 run, 2 hits, 0 errors, 1 left on base; Intercourse 4 - Newark 3
BOTTOM OF THE 11TH
Newark Bulldogs batting - Pitching for Intercourse Amish : RHP Will Brown
Batting: RHB Francisco Domínguez 0-0: Ball
1-0: Foul Ball, location: 2F
1-1: Ball
2-1: Foul Ball, location: 2F
2-2: Strikes out swinging
Batting: SHB Pete Jones 0-0: Called Strike
0-1: Foul Ball, location: 2F
0-2: Ball
1-2: Strikes out swinging
Pinch Hitting: LHB Jorge Hernández 0-0: Ball
1-0: Ball
2-0: Swinging Strike
2-1: Swinging Strike
2-2: Foul Ball, location: 2F
2-2: Ball
3-2: Base on Balls
Batting: SHB Juan Rodríguez 0-0: Fly out, F9 (Line Drive, 89M)
Bottom of the 11th over - 0 runs, 0 hits, 0 errors, 1 left on base; Intercourse 4 - Newark 3
Saturday, April 7th, 2018 - OOTP Baseball 18.8 Build 76